[Event "ESP-ch Teams Primera 2022"]
[Site "Sanxenxo Pontevedra"]
[Date "2022.09.22"]
[Round "6.22"]
[White "Suarez Uriel, Adrian"]
[Black "Bernabeu Lopez, Carlos Javier"]
[Result "1/2-1/2"]
[ECO "C54"]
[WhiteElo "2375"]
[BlackElo "2415"]
[Annotator "TA"]
[PlyCount "121"]
[EventDate "2022.09.17"]
[EventType "team-tourn"]
[EventCountry "ESP"]
[SourceTitle "playchess.com"]
[Source "ChessBase"]
[SourceQuality "1"]
[TimeControl "5400+30"]

1. e4 e5 2. Nf3 Nc6 3. Bc4 Bc5 4. c3 Nf6 5. d4 exd4 6. e5 d5 7. Bb5 Ne4 8. cxd4 Bb6 9. Nc3 O-O 10. Be3 {[%emt 0:00:12] C54: Giuoco Piano: 4 c3 Nf6, main lines with 5 d4 and 5 d3.} Bg4 11. h3 Bh5 12. Qc2 Bg6 {[%emt 0:00:21] White must now prevent ...Nxc3. 12...Nxc3 is more advanced technology.} 13. Qb3 Ne7 14. O-O c6 15. Bd3 Nd2 16. Nxd2 {[%emt 0:00:48] aiming for Bxg6.} Bxd3 17. Rfe1 Nf5 18. Na4 $1 ({But not} 18. Nxd5 Qxd5 19. Qxd3 Nxd4 $11) 18... Bb5 19. Nxb6 {[%emt 0:01:59] [#]} Qxb6 $146 ({Predecessor:} 19... axb6 20. a4 Ba6 21. Nf3 Nxe3 22. Rxe3 c5 23. Rd1 Bc4 24. Qc2 Rc8 25. Rc3 Qd7 {1-0 (41) Wan,Y (2499)-Xu,Y (2534) Tianjin 2018}) 20. Qc3 a5 21. a4 Bc4 22. b3 Ba6 23. Nf3 f6 24. Bf4 Qb4 (24... fxe5 $14 25. Bxe5 Qd8) 25. Qxb4 $16 axb4 26. Rad1 {[%emt 0:08:30] Against Bd3} (26. Bd2 $1 $16) 26... fxe5 $14 27. Nxe5 Rfe8 28. Bg5 (28. f3 $16) 28... h6 29. Bc1 Re6 30. g4 $1 Nd6 31. Bd2 Ne4 32. Nd7 $2 {[%emt 0:00:30] Against c5} (32. Bxb4 $16 Rae8 33. f3) 32... Rd8 $1 $11 33. Nb6 (33. Nc5 $11 Nxc5 34. dxc5) 33... Rf8 $15 34. f4 Ree8 35. Kg2 (35. Bxb4 $142 Rxf4 36. Re3) 35... Nxd2 $17 36. Rxe8 Rxe8 37. Rxd2 {[%emt 0:00:30][%mdl 4096] Endgame KRB-KRN} Re3 38. Rb2 Rd3 $1 39. Nd7 Rxd4 40. f5 Rd3 ({Better is} 40... Rd1 $17 {Hoping for ...Bf1+.} 41. Rf2 Rd3) 41. h4 $2 (41. Re2 $1 $11 {and White stays safe.}) 41... Rc3 $1 $19 42. g5 $2 (42. Ne5 {is a better chance.}) 42... hxg5 43. hxg5 Bd3 44. Rf2 Be4+ 45. Kh2 {[%emt 0:00:30] [#]} Rxb3 $2 (45... Rc2 $1 $19 {[%cal Rc2f2] and Black stays clearly on top.} 46. Kg3 Rxf2 47. Kxf2 Bxf5) 46. a5 $2 (46. Ne5 $17 {nothing else works.} d4 47. f6 gxf6 48. gxf6) 46... Ra3 (46... Rf3 $142 47. Rxf3 Bxf3) 47. f6 {[%emt 0:00:30] [#]} gxf6 (47... Rf3 $1 $19 48. Rb2 gxf6 49. Rxb4 fxg5) 48. gxf6 $11 {[%emt 0:00:30] Intending f7+ and mate.} Rf3 $1 49. Rxf3 (49. Rg2+ $15 Kh8 50. Rb2) 49... Bxf3 $15 {KB-KN} 50. Nc5 d4 51. Kg3 Bd5 52. Kf4 b3 {( -> ...b2)} 53. Na4 c5 54. Ke5 Bc6 55. Nb2 Kf7 $2 (55... d3 $19 {is more deadly. Strongly threatening ...d2.} 56. Nc4 Bb5 57. f7+ Kxf7) 56. Kd6 $17 c4 ({Not} 56... Kxf6 57. Kxc5 Be8 58. Kxd4 $11) 57. Nxc4 d3 $2 ({Weaker is} 57... Kxf6 58. a6 b2 59. Nxb2 bxa6 60. Kxc6 $11) (57... Bb5 $17 58. Nd2 Kxf6) 58. a6 $11 {[%emt 0:00:30] Threatens to win with a7. The position is equal.} bxa6 {...Bb5 is the strong threat.} 59. Kxc6 Kxf6 60. Kc5 a5 61. Kd4 {[%emt 0:00:30] Weighted Error Value: White=0.63/Black=0.29 (precise)} 1/2-1/2

[Event "ESP-ch Teams Primera 2022"]
[Site "Sanxenxo Pontevedra"]
[Date "2022.09.22"]
[Round "6.23"]
[White "Alshameary Puente, Ismael"]
[Black "Ruiz Buendia, Miguel"]
[Result "0-1"]
[ECO "A45"]
[WhiteElo "2332"]
[BlackElo "2293"]
[Annotator "TA"]
[PlyCount "136"]
[EventDate "2022.09.17"]
[EventType "team-tourn"]
[EventCountry "ESP"]
[SourceTitle "playchess.com"]
[Source "ChessBase"]
[SourceQuality "1"]
[TimeControl "5400+30"]

1. d4 Nf6 2. Bf4 e6 3. e3 c5 4. c3 Nc6 5. Nf3 Nh5 6. Bg5 {[%emt 0:00:32] A46: 1 d4 Nf6 2 Nf3 e6: Torre, London and Colle Systems.} Qb6 7. Na3 h6 8. Bh4 {[%emt 0:01:30] The position is equal.} d5 $1 9. Rb1 g5 10. Nd2 {[%emt 0:02:18] [#]} Ng7 $146 (10... cxd4 {with more complications.} 11. Qxh5 dxc3 12. bxc3 Qa5) ({Predecessor:} 10... cxd4 11. Qxh5 dxe3 12. Ndc4 dxc4 13. Nxc4 Qc5 14. Bg3 e5 15. Nxe3 Be6 16. Rd1 Bg7 {1-0 (51) Fedoseev,V (2676)-Gaifullin,A (2460) Sochi 2020}) 11. Bg3 Nf5 12. Be2 Nxg3 13. hxg3 cxd4 14. cxd4 e5 15. dxe5 Bf5 16. e4 dxe4 17. Nac4 {[%emt 0:00:14] Inhibits e3.} Qc7 18. Ne3 {[%emt 0:06:05] [#]} ({Better is} 18. O-O $1 $11) 18... Qxe5 (18... O-O-O $1 $15 19. a3 (19. Nxf5 Rxd2 20. Kxd2 Bb4+ 21. Ke3 Bc5+ 22. Kd2 Bb4+ 23. Ke3 Bc5+ 24. Kd2 Bb4+ $17) 19... Be6) 19. O-O (19. Ndc4 $5 Qf6 20. Nd5 $11) 19... Rd8 20. Ndc4 {[%emt 0:11:00] Pair of Knights!} Qe6 (20... Rxd1 $11 21. Nxe5 Rxb1 22. Rxb1 Be6 23. Nxc6 bxc6) 21. Qa4 $14 {[%emt 0:00:31] Hoping for Rbd1.} a6 (21... Bc5 $11 {keeps the balance.}) 22. Nxf5 (22. Rbd1 $16 Rxd1 23. Rxd1) 22... Qxf5 23. Ne3 Qg6 {[%emt 0:01:36] [#]} (23... Qa5 $1 $14 24. Qxe4+ Qe5) 24. Bg4 ({White should try} 24. Bxa6 $1 $16 Ra8 25. Nd5) 24... Rd4 (24... Bg7 $11 {remains equal.}) 25. Qb3 $16 Rb4 26. Qc2 {[%emt 0:00:10] Threatens to win with Rbd1.} Rb5 (26... Bg7 $16 {might work better.}) 27. Rfd1 $18 f5 (27... Be7 $16 {keeps fighting.}) 28. Bxf5 {[%emt 0:00:40][%mdl 64] Remove Defender, Decoy} Rxf5 29. Qxe4+ $40 {[%emt 0:00:10][%mdl 192] Pin, Double Attack. Black is in trouble.} Ne7 30. Nxf5 Qxf5 31. Qxb7 (31. Qd4 Rh7 $16) 31... Bg7 32. Re1 Be5 33. Qa8+ Kf7 34. Qxa6 (34. Qb7 $6 Rd8 $16) 34... Rc8 35. g4 (35. Qxh6 Rh8 36. Qb6 Qh7 37. Qb3+ Kg7 $14) 35... Qf4 (35... Qf6 {was necessary.} 36. Qb5 Bd4) 36. g3 (36. Qxh6 $2 Rh8 37. g3 Qf3 $19) 36... Qd4 (36... Qf6 {was worth a try.} 37. Qxf6+ Bxf6) 37. Qe2 ({Avoid the trap} 37. Qxh6 $2 Rh8 38. Rbd1 (38. Qxg5 $2 Qd5 $19) 38... Rxh6 $19) 37... Bf6 38. Qe6+ Kg7 39. Rbd1 Qxb2 40. Rd7 Re8 (40... Rf8 41. a4 Qb4 42. Rxe7+ Bxe7) 41. Re3 Qb4 42. Rf3 ({Don't take} 42. Rb3 Qc5 43. Rbb7 Qc2 $18) 42... Qb2 (42... Qb1+ $142 43. Kg2 Qg6) 43. Rd6 (43. Rf5 $142 Qa1+ 44. Kh2) 43... Rf8 44. Rd7 $2 (44. Kg2 $18) 44... Rf7 $2 (44... Re8 $1 $11 {and Black stays safe.} 45. Rf5 Qb1+ 46. Kg2 Qxf5 47. gxf5 h5) 45. Rf5 h5 46. Rf3 $2 (46. Kg2 $18 hxg4 47. a4) 46... hxg4 $14 {[%emt 0:00:42] And now ...Qb1+ would win.} 47. Qxg4 Qxa2 48. Kg2 Ng6 49. Rxf7+ Qxf7 {[%emt 0:00:03] Dancing on a razor blade.} 50. Qe4 {[%emt 0:00:27] Inhibits Qd5.} Ne5 51. Ra3 Qg6 52. Ra7+ Kh6 53. Qe1 {[%emt 0:00:37] Strongly threatening Qh1+.} Qh5 54. Qe4 Qg6 {[%emt 0:00:20] Inhibits Rh7+.} 55. Qe3 Ng4 56. Qe1 {[%emt 0:00:32][%mdl 1024] White has compensation.} Qh5 {[%emt 0:00:32] aiming for ...Qh2+.} 57. Ra6 Kg7 58. Ra7+ Kh6 {[%emt 0:00:17] White must now prevent ...Qh2+.} 59. Ra6 Kg7 60. Ra7+ Kh6 {[%emt 0:00:07] ...Qh2+ is the strong threat.} 61. Ra2 $2 (61. Ra6 $11) 61... Qh2+ $19 62. Kf3 Ne5+ 63. Ke3 Qg2 64. Qe2 {[%emt 0:00:12] Inhibits Qf3+.} Qd5 65. Rc2 {[%emt 0:00:39] Against Nc4+} (65. Qa6 $142 Qf3+ 66. Kd2) 65... g4 {[%emt 0:00:16] ( -> ...Bg5+)} 66. Qa6 Qf3+ (66... Kg5 $142 67. Ke2 Qe4+ 68. Kd1 Nf3) 67. Kd4 Qd1+ 68. Kc3 Nc6+ {[%emt 0:00:13] Never resign too early!  Weighted Error Value: White=0.48/Black=0.34} 0-1

[Event "ESP-ch Teams Primera 2022"]
[Site "Sanxenxo Pontevedra"]
[Date "2022.09.22"]
[Round "6.24"]
[White "Pablos Tenrero, Raquel"]
[Black "Calzetta Ruiz, Monica"]
[Result "1/2-1/2"]
[ECO "B40"]
[WhiteElo "1985"]
[BlackElo "2227"]
[Annotator "TA"]
[PlyCount "91"]
[EventDate "2022.09.17"]
[EventType "team-tourn"]
[EventCountry "ESP"]
[SourceTitle "playchess.com"]
[Source "ChessBase"]
[SourceQuality "1"]
[TimeControl "5400+30"]

1. e4 c5 2. Nf3 e6 3. b3 d5 4. exd5 exd5 5. Bb5+ Bd7 6. Bxd7+ Nxd7 7. O-O {[%emt 0:00:26] B40: Sicilian: 2...e6, Unusual lines.} Ngf6 8. Re1+ Be7 9. Qe2 $1 {[%emt 0:00:38] White is slightly better.} Rc8 (9... Ne4 10. Nc3 Ndf6 11. Nxd5 $1 Qxd5 12. d3 $16) 10. Ba3 {[%emt 0:18:28] [#]} Nf8 $146 ({Not} 10... Ne4 11. Nc3 Ndf6 12. Nxd5 $1 (12. Nxe4 dxe4 13. Ng5 O-O $16) 12... Qxd5 13. d3 $16) ({Predecessor:} 10... Rc6 11. Nd4 cxd4 12. Bxe7 Re6 13. Qxe6 fxe6 14. Bxd8 Kxd8 15. Rxe6 Kc7 16. Na3 a6 {1-0 (42) Antipov,M (2589)-Kiewra,K (2367) Chess.com INT 2019}) 11. Ne5 a6 12. d4 {[%emt 0:02:00] White is more active.} (12. Nc3 $16) 12... Ne6 $1 $11 13. dxc5 O-O 14. b4 (14. c6 $5 ) 14... Ne4 (14... a5 $1 $15 {keeps the upper hand.}) 15. f3 $2 {[%emt 0:07:04][%mdl 8192] [#]} (15. Nd2 $16) 15... Bf6 $2 ({Black should try} 15... Nf4 $1 $19 16. Qe3 Bg5) 16. Bb2 Qc7 17. fxe4 (17. Nd3 $5 Bxb2 18. Nxb2 $11) 17... Bxe5 18. Bxe5 Qxe5 19. c3 d4 20. Nd2 {[%emt 0:03:58] Hoping for Nf3.} dxc3 21. Nf3 {[%emt 0:00:16] Inhibits Qd4+.} Qc7 {[%emt 0:02:25] The position is equal.} 22. Rac1 a5 23. a3 axb4 24. axb4 b6 $1 ({Don't do} 24... Nf4 25. Qc4 $16) 25. Rxc3 bxc5 26. bxc5 Qa5 27. Rec1 Rxc5 28. Rxc5 Nxc5 29. Qc4 Ne6 30. h3 Rd8 31. Kh1 g6 32. Kh2 h5 33. h4 Qb6 34. e5 Qe3 35. Rf1 Qd3 36. Qxd3 Rxd3 {[%emt 0:00:02][%mdl 4096] Endgame KRN-KRN} 37. Kg3 Kg7 38. Kf2 Ra3 39. Re1 Nf4 {[%emt 0:00:24] And now ...Nd3+ would win.} 40. Kg3 Ne6 41. Kf2 Ra2+ 42. Re2 Ra4 43. g3 Kf8 44. Rb2 Ra3 45. Rb8+ Kg7 46. Rb2 {[%emt 0:00:24] Weighted Error Value: White=0.20 (precise) /Black=0.17 (very precise)} 1/2-1/2

[Event "ESP-ch Teams Primera 2022"]
[Site "Sanxenxo Pontevedra"]
[Date "2022.09.23"]
[Round "7.1"]
[White "Martin Duque, Jesus"]
[Black "Bacrot, Etienne"]
[Result "0-1"]
[ECO "B90"]
[WhiteElo "2378"]
[BlackElo "2647"]
[Annotator "TA"]
[PlyCount "50"]
[EventDate "2022.09.17"]
[EventType "team-tourn"]
[EventCountry "ESP"]
[SourceTitle "playchess.com"]
[Source "ChessBase"]
[SourceQuality "1"]
[TimeControl "5400+30"]

1. e4 c5 2. Nf3 d6 3. d4 cxd4 4. Nxd4 Nf6 5. Nc3 a6 6. Rg1 h5 {[%emt 0:00:58] B90: Sicilian Najdorf: Unusual White 6th moves, 6 Be3 Ng4 and 6 Be3 e5.} 7. Bg5 e6 {[%emt 0:00:37] [#]} 8. Qf3 $146 ({Predecessor:} 8. Qe2 b5 9. O-O-O b4 10. Nd5 exd5 11. exd5+ Be7 12. Bxf6 gxf6 13. Qe3 f5 14. Bd3 {1-0 (27) Abdusattorov,N (2661)-Deac,B (2679) Chess.com INT 2022}) 8... Nbd7 {[%emt 0:02:45] The position is equal.} 9. h3 Qc7 10. O-O-O b5 11. a3 Bb7 12. Bd3 Rb8 13. Qg3 Ba8 14. f4 b4 15. axb4 Rxb4 16. Bxf6 (16. Nb3 $15 {deserves consideration.}) 16... gxf6 $17 ({Don't do} 16... Nxf6 17. Bxa6 Nxe4 18. Bb5+ Ke7 19. Nxe4 Bxe4 20. c3 $16) 17. Nb3 Bh6 18. Kb1 Nc5 19. Nxc5 Qxc5 20. Bxa6 $2 {[%emt 0:02:51][%mdl 8192] [#] Loses the game.} (20. Na2 $17 Rb6 21. Rge1) 20... Ke7 21. b3 $2 (21. Rgf1) 21... h4 $19 {[%emt 0:04:30] Black is clearly winning.} 22. Qf3 f5 23. Rge1 Bg7 24. Nd5+ Bxd5 25. exd5 Qa5 {[%emt 0:00:07] Weighted Error Value: White=0.77/Black=0.08 (flawless)} 0-1

[Event "ESP-ch Teams Primera 2022"]
[Site "Sanxenxo Pontevedra"]
[Date "2022.09.23"]
[Round "7.2"]
[White "Naiditsch, Arkadij"]
[Black "Suarez Uriel, Adrian"]
[Result "0-1"]
[ECO "A48"]
[WhiteElo "2666"]
[BlackElo "2375"]
[Annotator "TA"]
[PlyCount "100"]
[EventDate "2022.09.17"]
[EventType "team-tourn"]
[EventCountry "ESP"]
[SourceTitle "playchess.com"]
[Source "ChessBase"]
[SourceQuality "1"]
[TimeControl "5400+30"]

1. d4 Nf6 2. Nf3 g6 3. Nc3 d5 4. Bf4 Bg7 5. h4 h5 6. e3 {D00: 1 d4 d5: Unusual lines.} O-O 7. Qd2 c5 8. Ne5 {The position is equal.} Nc6 9. f3 Be6 {[#]} 10. dxc5 $146 ({Predecessor:} 10. O-O-O Rc8 11. Kb1 c4 12. Be2 a6 13. e4 b5 14. Nxc6 Rxc6 15. e5 Nd7 16. g4 {0-1 (32) Frick,C (2051)-Redzisz,M (2262) Poronin 2021}) 10... Nxe5 11. Bxe5 Ne4 12. Qd4 Bxe5 13. Qxe5 Nxc3 14. Qxc3 Qc7 15. O-O-O Rfc8 16. Bd3 Qxc5 17. Qe5 {[%cal Od3g6] Threatens to win with Bxg6!} Rc6 18. g4 (18. Qg5 $5 ) 18... hxg4 19. h5 (19. Qg5 $14) 19... f6 $15 20. Qh2 g5 21. h6 {[#] Black must now prevent Qh5.} Bf7 {Prevents Qh5.} (21... gxf3 22. Qh5 Bf7 23. h7+ Kh8 24. Qxf7 $18) (21... Qxe3+ $17 22. Kb1 Qf4 23. Qxf4 gxf4 24. fxg4 Bf7) 22. fxg4 e5 ({Black should play} 22... Qxe3+ $15 23. Kb1 e5) 23. Bf5 (23. Qe2 $1 $11) 23... Qxe3+ $17 24. Kb1 Qc5 25. Rhf1 Qe7 26. Rd3 Kh8 27. Qf2 a5 28. Rf3 e4 29. Ra3 a4 30. Qd2 Raa6 31. Rc3 (31. Re3 $17) 31... a3 $19 {[#] aiming for ...Qb4.} 32. Qh2 $2 (32. Rxc6 bxc6 33. b3) 32... Rxc3 ({Stronger than} 32... axb2 33. Qb8+ Qe8 34. Qxb7 Rxc3 35. Qxa6 $11) 33. bxc3 Qd6 {Against Qb8+. The board is on fire.} (33... Qc5 $142 {( -> ...Rb6+)} 34. Kc1 (34. Qb8+ $2 Bg8 $19) 34... Rb6) 34. Qh3 $2 (34. Qxd6 Rxd6 35. Kc1) 34... Qe5 35. Qe3 Rc6 {Against Qc5} (35... d4 36. Qe2 d3) 36. Qd4 Qxd4 ({Not} 36... Rxc3 37. Qb4 Qe8 38. Rh1 $19) 37. cxd4 {[%mdl 4096] Endgame KRB-KRB} Rc4 38. Rd1 Be8 39. Kc1 Bf7 $2 (39... Ba4 $19 40. Rd2 Rc3) 40. Rd2 (40. Kb1 $1 $11 {and White is okay.}) 40... b5 {[%cal Bb7b5,Bb5b4][%mdl 32] And now ...b4 would win.} 41. Kd1 (41. Rh2 {is a better defense.}) 41... b4 42. Ke1 Rc6 43. Rf2 Be6 44. Kd2 $2 (44. Bxe6 Rxe6 45. Rf5) 44... Bxf5 45. Rxf5 {KR-KR} e3+ 46. Kxe3 Rxc2 47. Rxd5 Rxa2 48. Rd8+ Kh7 49. d5 Ra1 50. Ra8 Rd1 {Weighted Error Value: White=0.96/Black=0.34} (50... b3 $142 51. Rxa3 Rxa3 52. Kd2 f5 53. gxf5 g4 54. f6 g3 55. f7 Ra8 56. Ke3 b2 57. Kf3 b1=Q 58. Kf4 Qe1 59. Kf5 g2 60. Kf6 g1=Q 61. Kf5 Qg6+ 62. Kf4 Qeg3#) 0-1

[Event "ESP-ch Teams Primera 2022"]
[Site "Sanxenxo Pontevedra"]
[Date "2022.09.23"]
[Round "7.3"]
[White "Quispe Arteaga, Gabriel"]
[Black "Ponomariov, Ruslan"]
[Result "1/2-1/2"]
[ECO "D11"]
[WhiteElo "2373"]
[BlackElo "2640"]
[Annotator "TA"]
[PlyCount "129"]
[EventDate "2022.09.17"]
[EventType "team-tourn"]
[EventCountry "ESP"]
[SourceTitle "playchess.com"]
[Source "ChessBase"]
[SourceQuality "1"]
[TimeControl "5400+30"]

1. d4 Nf6 2. c4 c6 3. Nf3 d5 4. e3 Bg4 5. Qb3 Qc7 6. Ne5 {[%emt 0:06:15] D11: Slav Defence: 3 Nf3 sidelines and 3...Nf6 4 e3 Bg4.} e6 7. Nxg4 Nxg4 8. h3 {[%emt 0:00:43] White is slightly better.} Nf6 9. Nc3 Nbd7 10. Bd2 Nb6 11. Rc1 Be7 {[%emt 0:03:00] [#]} 12. Bd3 $146 ({Predecessor:} 12. a4 O-O 13. cxd5 Nbxd5 14. Bd3 Qb6 15. Qxb6 axb6 16. Nxd5 Nxd5 17. b3 Bb4 18. Bc4 {½-½ (18) Stopa,J (2478)-Rustemov,A (2564) Legnica 2005}) 12... dxc4 13. Bxc4 Nxc4 14. Qxc4 O-O 15. O-O Rfd8 16. Rfd1 Rd7 17. Ne2 Rad8 18. Qa4 Qb8 19. Ba5 Rc8 20. Be1 h6 21. a3 a6 22. Nf4 c5 23. dxc5 Rxd1 24. Rxd1 Bxc5 25. Rc1 Bd6 26. Rxc8+ Qxc8 27. Ne2 Nd5 28. Nc3 Nb6 29. Qd4 Qc7 30. Qd3 Nc4 31. Nd1 b5 32. Bc3 Qc6 33. Kf1 Be7 34. e4 Bg5 35. g3 h5 36. h4 (36. Ke2 {is more complex.} h4 37. f4 Be7 38. gxh4 Bxh4 39. Ne3) 36... Be7 37. Ne3 Nd6 38. Bb4 {[%emt 0:00:56] Strongly threatening e5.} a5 39. Bxd6 (39. Bxa5 $11 Nxe4 40. Bb4 Bxb4 41. axb4) 39... Bxd6 $11 {[%emt 0:00:04][%mdl 4096] Endgame KQB-KQN} 40. Qc2 Qb7 (40... Qxc2 $17 41. Nxc2 Be5) 41. Qd3 Be7 42. Nc2 a4 43. Nd4 (43. Nb4 $15) 43... b4 $2 ({Better is} 43... Qd7 $1 $19 44. Ke2 Bc5 45. Nxb5 Qxd3+ 46. Kxd3 Bxf2) 44. axb4 Bf6 45. e5 (45. Nf3 $11 {keeps the balance.}) 45... Bxe5 $17 46. Nf3 Bf6 {[%emt 0:01:20] Threatens to win with ...g6.} 47. b5 g6 48. Ng5 $2 (48. Kg2 $17) 48... Bxb2 $2 (48... Qh1+ $1 $19 49. Ke2 Qc1) 49. Qd8+ Kg7 50. Qa5 (50. b6 $17 a3 51. Qc7 Qxc7 52. bxc7) 50... a3 $19 51. b6 {[#]} Qd5 (51... Qh1+ $1 $19 {and Black stays clearly on top.} 52. Ke2 Qc1) 52. Qa7 $17 e5 {[%emt 0:00:59] Hoping for ...a2.} 53. b7 a2 54. b8=Q a1=Q+ 55. Qxa1 Bxa1 {[%emt 0:00:01] KQB-KQN} 56. Qb4 Bd4 57. Qe1 {[%emt 0:00:05] [#]} (57. Nh3 $17 {might work better.}) 57... Qh1+ $1 $19 58. Ke2 Qc6 59. Kf1 f6 ({Black should play} 59... Bc3 $19 {( -> ...Qh1+)} 60. Qe4 Qxe4 61. Nxe4 Bb4) 60. Ne4 (60. Nh3 $142) 60... g5 $2 ({Black should try} 60... f5 $17 61. Ng5 Qh1+ 62. Ke2 Qxe1+ 63. Kxe1 Kf6) 61. Qb4 $1 $11 {[%emt 0:01:42] The position is equal.} Kf7 62. Qb3+ Ke7 63. Qa3+ Kd7 64. Qf3 Ke7 65. hxg5 {[%emt 0:00:13] Weighted Error Value: White=0.21 (precise) /Black=0.17 (very precise)} 1/2-1/2

[Event "ESP-ch Teams Primera 2022"]
[Site "Sanxenxo Pontevedra"]
[Date "2022.09.23"]
[Round "7.4"]
[White "Franco Alonso, Alejandro"]
[Black "Ruiz Buendia, Miguel"]
[Result "1-0"]
[ECO "E10"]
[WhiteElo "2432"]
[BlackElo "2293"]
[Annotator "TA"]
[PlyCount "75"]
[EventDate "2022.09.17"]
[EventType "team-tourn"]
[EventCountry "ESP"]
[SourceTitle "playchess.com"]
[Source "ChessBase"]
[SourceQuality "1"]
[TimeControl "5400+30"]

1. d4 Nf6 2. c4 e6 3. Nf3 d5 4. g3 Bb4+ 5. Bd2 Be7 6. Bg2 O-O 7. O-O c6 8. Qc2 Nbd7 9. Bf4 b6 10. Rd1 {10.Nbd2 is more fashionable.} Ba6 {E08: Closed Catalan: Main Line: 7 Qc2.} 11. Ne5 Rc8 12. Nc3 Nh5 {The position is equal.} 13. Bc1 {[%cal Rc4d5] [#]} (13. Nxd7 Qxd7 14. cxd5 cxd5 $15) 13... h6 $146 {[#]} (13... Nxe5 14. dxe5 Qc7 15. g4 $16 (15. cxd5 cxd5 16. g4 Qxe5 $16)) (13... Nhf6 $11 {remains equal.}) ({Predecessor:} 13... Nhf6 14. Qa4 Bxc4 15. Nxc6 b5 16. Qxc4 bxc4 17. Nxd8 Rfxd8 18. Bf4 Nh5 19. Bd2 f5 {1-0 (53) Jumabayev,R (2617)-Hansen,E (2606) Chess.com INT 2022}) 14. e4 $1 $16 (14. cxd5 cxd5 15. Qa4 Nb8 $14) 14... Nhf6 (14... Nxe5 15. dxe5 Bxc4 16. g4 $14) 15. Qa4 Nb8 16. exd5 exd5 17. cxd5 b5 18. Qb3 b4 19. Ne4 (19. dxc6 $142 {Black must now prevent Nd5.} bxc3 20. bxc3) 19... Nxd5 20. Bd2 {White is much more active.} Qb6 21. Nc5 Rfd8 {Prevents Ncd7. This costs Black the game.} (21... Bxc5 $16 {keeps fighting.} 22. dxc5 Qxc5) 22. Rac1 Bxc5 23. Rxc5 Nd7 24. Nxd7 Rxd7 25. Bh3 ({But not} 25. Bxd5 $6 Rxd5 26. Bxb4 (26. Qxb4 Qd8 $14) (26. Rxd5 cxd5 27. Bxb4 Re8 $11) 26... Be2 $14) 25... Rcd8 26. Bxd7 Rxd7 27. Rdc1 Rd6 28. Re1 {Strongly threatening Re8+.} Rf6 $2 (28... Rd8 29. Qf3 Rf8) 29. Qc2 {[%cal Re1e8] [#]} Nc7 {Inhibits Re8+.} 30. Bf4 {Hoping for Bxc7.} Ne6 (30... Re6 31. Rc1 Re2) 31. Rxc6 $18 Qb5 32. d5 Bb7 33. Rc8+ ({Weaker is} 33. dxe6 Qxc6 34. Qxc6 Bxc6 $16) 33... Bxc8 34. Qxc8+ Nf8 35. Re8 Qxd5 36. Rxf8+ {White mates.} Kh7 37. Rh8+ Kg6 38. Qg4+ {Weighted Error Value: White=0.21 (precise) /Black=0.81} 1-0

[Event "ESP-ch Teams Primera 2022"]
[Site "Sanxenxo Pontevedra"]
[Date "2022.09.23"]
[Round "7.5"]
[White "Cao Armillas, Jesus"]
[Black "Gonzalez De La Torre, Santiago"]
[Result "0-1"]
[ECO "D47"]
[WhiteElo "2013"]
[BlackElo "2439"]
[Annotator "TA"]
[PlyCount "104"]
[EventDate "2022.09.17"]
[EventType "team-tourn"]
[EventCountry "ESP"]
[SourceTitle "playchess.com"]
[Source "ChessBase"]
[SourceQuality "1"]
[TimeControl "5400+30"]

1. d4 d5 2. Nf3 Nf6 3. c4 c6 4. Nc3 e6 5. e3 Nbd7 6. Bd3 dxc4 7. Bxc4 b5 8. Bd3 Bb7 9. O-O a6 10. e4 c5 11. d5 c4 12. dxe6 fxe6 13. Bc2 Qc7 14. Be3 {[%emt 0:08:53] [#] D48: Semi-Slav: Meran System: 7...b5 8 Bd3 a6.} ({Better is} 14. Ng5 $11) 14... b4 $146 (14... Ng4 $15 {stays ahead.}) ({Predecessor:} 14... Bc5 15. Qe2 O-O 16. Rad1 Bxe3 17. Qxe3 Ng4 18. Qg5 Rxf3 19. Qxg4 Rf6 20. f4 Raf8 21. Ne2 Ne5 {½-½ (31) Schoemig,A-Becker,F DESC email 2003}) 15. Ne2 $16 Nxe4 (15... Bc5 $16 {might work better.}) 16. Ned4 (16. Nf4 $1 $18 {[%cal Rf4e6] and the rest is easy.}) 16... Nec5 (16... Qd6 $16 {was necessary.}) 17. Ng5 $18 O-O-O 18. Ngxe6 Nxe6 19. Nxe6 Qc6 20. Qg4 Re8 {[%emt 0:00:12] Strongly threatening ...h5.} 21. Nd4 h5 22. Qh3 ({Stronger than} 22. Nxc6 hxg4 23. Na5 Bd6 $11) 22... Qd5 23. Bf5 g5 {[%emt 0:03:48] [#]} 24. Bxd7+ (24. Bxg5 $1 $18 Bc5 25. Ne6) 24... Qxd7 $14 25. Qxd7+ ({Wrong is} 25. Bxg5 $2 Qxh3 26. gxh3 Rg8 $19) 25... Kxd7 26. Rfd1 ({Reject} 26. Bxg5 Rg8 27. h4 Be7 $11) 26... g4 27. Rac1 Rc8 28. Ne2+ Ke8 29. Rd4 Rh7 30. Rdxc4 Rxc4 31. Rxc4 Rd7 32. Rd4 {[%emt 0:02:06] Against Rd1+} Rc7 33. h3 (33. Rd2 $11 {might be stronger.}) 33... gxh3 $15 34. gxh3 Rg7+ (34... Rc2 $5 35. Rd2 Rxd2 36. Bxd2 Bd5 $11) 35. Kf1 Bg2+ 36. Ke1 Bxh3 37. Re4+ Kf7 38. Ng3 (38. f3 $11) 38... Rg4 39. Re5 h4 40. Rf5+ {[%emt 0:00:28] [#]} (40. Ne2 $15) 40... Kg8 $1 $19 41. Ra5 $2 (41. Ne2 {was worth a try.}) 41... hxg3 {[%emt 0:00:17] Black is clearly winning.} 42. fxg3 Rxg3 43. Bf2 Rg6 {[%emt 0:00:16][%cal Ob4b3] Threatens to win with ...b3!} 44. Kd2 (44. Bd4 $142) 44... Bf1 45. Rd5 Bc4 46. Rd8 Rd6+ 47. Rxd6 Bxd6 48. b3 Bb5 49. Bb6 Kf7 50. Kc2 Ke6 51. Kb2 Be5+ 52. Kc2 Kd5 {[%emt 0:00:08] Weighted Error Value: White=0.78/Black=0.30} (52... Bf6 $142 53. Bc5 Be7) 0-1